 Dungeon Crawl Stone Soup version 0.24-a0-769-g368c1644f8 (webtiles) character file.

Game seed: 526888456501825373, levelgen mode: deterministic

15649 Gildeon the Severer (level 12, -4/94 HPs)
             Began as a Minotaur Fighter on Oct 4, 2019.
             Was an Elder of Trog.
             Slain by a komodo dragon (17 damage)
             ... on level 3 of the Lair of Beasts.
             The game lasted 00:37:40 (10566 turns).

Gildeon the Severer (Minotaur Fighter)             Turns: 10566, Time: 00:37:40

Health: -4/94      AC: 15    Str: 25    XL:     12   Next: 3%
Magic:  14/14      EV:  8    Int:  5    God:    Trog [****..]
Gold:   552        SH: 13    Dex: 11    Spells: 11/11 levels left

rFire    + . .     SeeInvis .   a - +3 war axe
rCold    . . .     Gourm    .   c - +0 shield
rNeg     . . .     Faith    .   A - +0 plate armour
rPois    +         Spirit   .   (helmet restricted)
rElec    .         Reflect  .   i - +2 cloak
rCorr    .         Harm     .   (no gloves)
MR       .....                  (no boots)
Stlth    ..........             b - amulet of regeneration
HPRegen  0.65/turn              k - ring of protection from fire
MPRegen  0.14/turn              G - ring of poison resistance

@: no status effects
A: retaliatory headbutt, horns 2, blurry vision 1, mutation resistance 1
a: Berserk, Trog's Hand, Brothers in Arms, Renounce Religion


You were on level 3 of the Lair of Beasts.
You worshipped Trog.
Trog was greatly pleased with you.
You were not hungry.

You visited 3 branches of the dungeon, and saw 14 of its levels.

You collected 776 gold pieces.
You spent 224 gold pieces at shops.

Inventory:

Hand Weapons
 a - a +3 war axe (weapon)
 d - a +0 morningstar
 H - the +10 trident of Bodily Humours {drain, rC++}
   (You found it on level 3 of the Lair of Beasts)

   A truly terrible weapon, it drains the life of those it strikes.
   It greatly protects you from cold.
Armour
 c - a +0 shield (worn)
 i - a +2 cloak (worn)
 A - a +0 plate armour (worn)
Jewellery
 b - an amulet of regeneration (around neck)
 k - a ring of protection from fire (left hand)
 o - an uncursed ring of positive energy
 u - an uncursed ring of fire
 B - an uncursed amulet of the acrobat {unknown}
 C - an uncursed ring of see invisible
 G - a ring of poison resistance (right hand)
Wands
 r - a wand of random effects (15)
 y - a wand of scattershot (6)
 F - a wand of enslavement (5)
 I - a wand of clouds (7)
Scrolls
 g - 5 scrolls of teleportation
 h - 11 scrolls of remove curse
 j - a scroll of fear {unknown}
 l - a scroll of identify
 p - 2 scrolls of magic mapping {unknown}
 s - 4 scrolls of enchant armour
 t - a scroll of random uselessness {unknown}
 v - 2 scrolls of blinking
 K - a scroll of fog {unknown}
Potions
 e - 2 potions of flight
 m - 3 potions of magic
 n - a potion of ambrosia
 q - a potion of agility
 w - a potion of resistance
 x - 3 potions of curing
 z - a potion of lignification
 D - a potion of haste
 E - a potion of invisibility
Comestibles
 f - 26 rations
 J - 30 chunks of flesh


   Skills:
 - Level 5.1 Fighting
 - Level 16.0 Axes
 - Level 5.0 Armour
 - Level 5.0 Dodging
 + Level 13.1 Shields
 - Level 5.0 Evocations


You had 11 spell levels left.
You didn't know any spells.
Your spell library was empty.

Dungeon Overview and Level Annotations

Branches:
Dungeon (10/15)            Temple (1/1) D:5            Lair (3/6) D:10
  Swamp (0/4) Lair:2        Snake (0/4) Lair:2          Orc (0/2) D:10

Altars:
Ashenzari
Cheibriados
Dithmenos
Elyvilon
Fedhas
Gozag
Hepliaklqana
Kikubaaqudgha
Makhleb
Nemelex Xobeh
Okawaru
Qazlal
Ru
Sif Muna
Trog
Uskayaw
Vehumet
Wu Jian
Xom
Yredelemnul
Zin
The Shining One

Shops:
D:4 (   D:5 *   D:10 ?

Annotations:
Lair:2 2 transporters, Turgor's ghost, journeyman DrFE


Innate Abilities, Weirdness & Mutations

You reflexively headbutt those who attack you in melee.
You have a pair of horns on your head.
Scrolls take you a little longer to read.
You are somewhat resistant to further mutation.


Message History

You hit the komodo dragon.
The komodo dragon is severely wounded.
You hit the komodo dragon. Your headbutt misses the komodo dragon.
The komodo dragon is severely wounded.
The komodo dragon bites you but does no damage.
You hit the komodo dragon but do no damage.
The komodo dragon is severely wounded.
The komodo dragon bites you but does no damage.
You hit the komodo dragon but do no damage.
Your headbutt misses the komodo dragon.
The komodo dragon is severely wounded.
You hit the komodo dragon but do no damage.
The komodo dragon is severely wounded.
The komodo dragon bites you!!
* * * LOW HITPOINT WARNING * * *
Your plate armour prevents you from hitting the komodo dragon.
You headbutt the komodo dragon, but do no damage.
The komodo dragon is severely wounded.
The komodo dragon bites you!
You die...

#....#........#..#.#
#..........#####÷.###
###......##.##.##....#
.......########......#
........# #...##......
.......## # ##(.#
#...#. .......#
#.#.#.# #.... ..#.##.#
##...## .... .#######
#...l@# .#. ##
##..#.†..# .
#...###.## #.#.l. ##
....... #.......
##....l ......


You could see a komodo dragon.

Vanquished Creatures
  A hydra (Lair:2)
  A centaur warrior (D:10)
  2 two-headed ogres
  Nergalle (Lair:1)
  3 spiny frogs
  A black mamba (Lair:2)
  A rime drake (Lair:2)
  3 komodo dragons
  A troll (D:9)
  A queen bee (D:9)
  A hippogriff (Lair:1)
  Sigmund (D:6)
  Grum (D:10)
  6 yaks
  A basilisk (Lair:2)
  2 hungry ghosts (D:8)
  3 vampire mosquitoes (Lair:2)
  5 water moccasins
  7 porcupines
  3 orc warriors
  An ice beast (D:9)
  5 black bears
  4 phantoms
  3 necrophages (D:8)
  14 wolves
  2 centaurs
  2 ogres
  4 crocodiles
  A gnoll sergeant (D:10)
  11 bullfrogs
  4 scorpions
  25 killer bees
  4 wights (D:8)
  An electric eel (Lair:3)
  A bullfrog zombie (D:6)
  2 crimson imps
  3 jellies
  2 orc priests
  A hound (D:7)
  Crazy Yiuf (D:6)
  9 orc wizards
  7 worker ants
  Terence (D:2)
  3 hound zombies
  Robin (D:2)
  3 worker ant zombies (D:8)
  3 gnolls (D:10)
  11 adders
  2 shadow imps
  2 oozes
  2 adder zombies (D:8)
  An adder skeleton (D:4)
  3 worms
  A dart slug (D:1)
  3 leopard geckos
  24 orcs
  6 bats
  3 giant cockroaches
  13 goblins
  11 hobgoblins
  19 jackals
  6 kobolds
  4 quokkas
  4 frilled lizards
  2 quokka skeletons (D:6)
  A quokka zombie (D:5)
  3 rats
  7 bushes (D:8)
  2 fungi (D:10)
  6 plants (D:8)
299 creatures vanquished.

Vanquished Creatures (others)
  43 fungi (D:10)
  15 plants
58 creatures vanquished.

Grand Total: 357 creatures vanquished

Notes
Turn   | Place    | Note
-------+----------+-------------------------------------------
     0 | D:1      | Gildeon the Minotaur Fighter began the quest for the Orb.
     0 | D:1      | Reached XP level 1. HP: 19/19 MP: 0/0
    54 | D:1      | Reached skill level 3 in Axes
    94 | D:1      | Reached XP level 2. HP: 26/26 MP: 1/1
   394 | D:2      | Reached skill level 4 in Axes
   402 | D:2      | Reached XP level 3. HP: 19/31 MP: 2/2
   536 | D:2      | Noticed Terence
   559 | D:2      | Killed Terence
   559 | D:2      | Reached skill level 5 in Axes
   887 | D:2      | Found a bloodstained altar of Trog.
   895 | D:2      | Became a worshipper of Trog the Wrathful
  1003 | D:2      | Reached XP level 4. HP: 39/39 MP: 3/3
  1010 | D:2      | Noticed Robin
  1024 | D:2      | Killed Robin
  1399 | D:3      | Reached skill level 6 in Axes
  1433 | D:3      | Reached * piety under Trog
  1600 | D:3      | Reached XP level 5. HP: 45/45 MP: 4/4
  1903 | D:4      | Reached skill level 7 in Axes
  2277 | D:4      | Found a hide-covered altar of Uskayaw.
  2345 | D:4      | Found Coetz's Weapon Shop.
  2354 | D:4      | Reached XP level 6. HP: 44/51 MP: 5/5
  2841 | D:5      | Entered Level 5 of the Dungeon
  2860 | D:5      | Reached skill level 8 in Axes
  2969 | D:4      | Reached skill level 9 in Axes
  3269 | D:5      | Reached XP level 7. HP: 38/57 MP: 6/6
  3500 | D:5      | Reached skill level 10 in Axes
  3691 | D:5      | Found a staircase to the Ecumenical Temple.
  3695 | D:5      | Reached ** piety under Trog
  3719 | Temple   | Entered the Ecumenical Temple
  3861 | D:5      | Found Ysay's Assorted Antiques.
  3981 | D:6      | Found a shimmering blue altar of Sif Muna.
  3982 | D:6      | Found a basalt altar of Yredelemnul.
  3998 | D:6      | Found a burning altar of Makhleb.
  4000 | D:6      | Found an ornate altar of the Wu Jian Council.
  4010 | D:6      | Found a glowing silver altar of Zin.
  4012 | D:6      | Found a snail-covered altar of Cheibriados.
  4166 | D:6      | Reached skill level 11 in Axes
  4323 | D:6      | Reached XP level 8. HP: 64/64 MP: 7/7
  4343 | D:6      | Found a runed translucent door.
  4344 | D:6      | Noticed Crazy Yiuf
  4348 | D:6      | Killed Crazy Yiuf
  4469 | D:6      | Noticed Sigmund
  4485 | D:6      | Killed Sigmund
  4485 | D:6      | Reached skill level 12 in Axes
  5200 | D:7      | You fall into a shaft and drop 3 floors!
  5200 | D:10     | Entered Level 10 of the Dungeon
  5205 | D:10     | Found a staircase to the Orcish Mines.
  5218 | D:10     | Noticed a centaur warrior
  5288 | D:9      | Noticed a queen bee
  5579 | D:10     | Noticed Grum
  5589 | D:10     | Reached skill level 13 in Axes
  5616 | D:10     | Killed Grum
  5616 | D:10     | Reached XP level 9. HP: 13/70 MP: 8/8
  5764 | D:10     | Reached *** piety under Trog
  5823 | D:10     | Reached skill level 14 in Axes
  5922 | D:8      | Found a sacrificial altar of Ru.
  6027 | D:7      | Got a dazzling whip
  6028 | D:7      | Identified the +9 whip "Sups" {venom, +Inv MR+++ Dex-5
                  | SInv} (You found it on level 7 of the Dungeon)
  6136 | D:8      | Found a stormy altar of Qazlal.
  6294 | D:8      | Noticed a two-headed ogre
  6304 | D:8      | Killed a two-headed ogre
  6304 | D:8      | Reached skill level 15 in Axes
  6529 | D:8      | Reached skill level 16 in Axes
  6543 | D:8      | Reached XP level 10. HP: 77/80 MP: 9/9
  6644 | D:8      | Found a blossoming altar of Fedhas.
  7016 | D:8      | Reached skill level 5 in Fighting
  7021 | D:8      | Reached **** piety under Trog
  7141 | D:8      | Reached skill level 5 in Armour
  7183 | D:8      | Reached skill level 1 in Dodging
  7638 | D:9      | Reached skill level 5 in Dodging
  7879 | D:9      | Found a shimmering altar of Xom.
  7880 | D:9      | Found a hazy altar of Hepliaklqana.
  7920 | D:9      | Reached skill level 5 in Shields
  8243 | D:10     | Killed a centaur warrior
  8245 | D:10     | Reached ***** piety under Trog
  8312 | D:10     | Identified the +6 spear "Dujuun" {pierce, rElec rF+}
  8353 | D:10     | Gained mutation: You have large cloven feet. [potion of
                  | mutation]
  8353 | D:10     | Gained mutation: Scrolls take you a little longer to read.
                  | [potion of mutation]
  8353 | D:10     | Lost mutation: You have large cloven feet. [potion of
                  | mutation]
  8353 | D:10     | Gained mutation: You are somewhat resistant to further
                  | mutation. [potion of mutation]
  8358 | D:10     | Found a staircase to the Lair.
  8407 | D:10     | Noticed a two-headed ogre
  8416 | D:10     | Killed a two-headed ogre
  8416 | D:10     | Reached XP level 11. HP: 86/86 MP: 10/10
  8475 | D:10     | Received a gift from Trog
  8489 | D:10     | Found Xistoxo's Magic Scroll Boutique.
  8496 | D:10     | Bought a scroll of enchant weapon for 112 gold pieces
  8496 | D:10     | Bought a scroll of enchant weapon for 112 gold pieces
  8669 | Lair:1   | Entered Level 1 of the Lair of Beasts
  8735 | Lair:1   | Reached skill level 10 in Shields
  8891 | Lair:1   | Reached skill level 1 in Evocations
  9220 | Lair:1   | Noticed Nergalle
  9227 | Lair:1   | Killed Nergalle
  9528 | Lair:2   | Noticed Turgor's ghost (journeyman DrFE)
  9573 | Lair:2   | Identified the +4 mace of Upheaval {drain, rN+}
  9597 | Lair:2   | Found a transporter.
  9601 | Lair:2   | Found a transporter.
  9750 | Lair:2   | Found a staircase to the Snake Pit.
  9820 | Lair:2   | Found a staircase to the Swamp.
  9837 | Lair:2   | Noticed a five-headed hydra
  9845 | Lair:2   | Killed a five-headed hydra
  9946 | Lair:2   | Reached skill level 5 in Evocations
 10281 | Lair:3   | Got a brightly glowing trident
 10282 | Lair:3   | Identified the +10 trident of Bodily Humours {drain, rC++}
                  | (You found it on level 3 of the Lair of Beasts)
 10534 | Lair:3   | Reached XP level 12. HP: 81/94 MP: 14/14
 10566 | Lair:3   | Slain by a komodo dragon

Levels and vault maps discovered:
D:1:      eino_arrival_water_cross, layout_rooms, minmay_pentomino_u2
D:2:      layout_rooms, bloody_trog, uniq_robin, uniq_terence
D:3:      layout_loops_cross
D:4:      layout_basic, eat_drink_and_be_merry_uskayaw, serial_shops, shop
D:5:      layout_cave_pools, minmay_temple_entry_offerings, first_ration,
          serial_shops, shop, minmay_pentangle
D:6:      layout_loops_ring, grunt_temple_overflow_open,
          chequers_temple_overflow_statue_of_worship, uniq_sigmund,
          uniq_crazy_yiuf_cottage
D:7:      layout_loops_ring
D:8:      layout_gridville, fedhas_altar_decomposition, grunt_qazlal_sundering,
          nicolae_ru_sacrificial_ziggurat
D:9:      layout_rooms, regret_index_temple_of_mockery, david_nohive_1
D:10:     layout_roguey, due_lair_maze_entry_diamond, serial_shops, shop,
          uniq_grum
Temple:   nicolae_temple_figure_zero
Lair:1:   layout_roguey, grunt_megastairs_3, uniq_nergalle
Lair:2:   layout_hall_layers, minmay_swamp_entry_swarm, dummy_snake_entry,
          gammafunk_ghost_hive
Lair:3:   layout_cave_pods, small_statue_intersection, beast_lair_carwin_1,
          infiniplex_staircase_pool, lemuel_fruit_fields,
          minmay_lair_oklob_chamber

Skill      XL: |  1  2  3  4  5  6  7  8  9 10 11 12 |
---------------+-------------------------------------+-----
Axes           | 3 4 5 6 7 9 11 13 16 | 16.0
Fighting       | 4 5 |  5.1
Armour         | 5 |  5.0
Dodging        | 5 |  5.0
Shields        | 9 12 13 | 13.1
Evocations     | 5 |  5.0

Action                   |  1- 3 |  4- 6 |  7- 9 | 10-12 || total
-------------------------+-------+-------+-------+-------++-------
Melee: War axe           |    72 |   144 |   304 |   492 ||  1012
       Headbutt          |    10 |    29 |    50 |    95 ||   184
       Morningstar       |       |       |       |     3 ||     3
Invok: Berserk           |       |       |     1 |     5 ||     6
       Trog's Hand       |       |       |       |     3 ||     3
Evoke: Wand              |       |       |       |    19 ||    19
  Use: Scroll            |       |     3 |    10 |    10 ||    23
       Potion            |       |     3 |     5 |     4 ||    12
  Eat: Chunk             |       |     7 |    16 |    12 ||    35
       Ration            |       |       |     1 |     2 ||     3
Armor: Scale mail        |    36 |    53 |       |       ||    89
       Chain mail        |       |       |    70 |       ||    70
       Plate armour      |       |       |    33 |   247 ||   280
       Skin              |       |       |     1 |       ||     1
Dodge: Dodged            |    25 |    35 |    54 |   103 ||   217
Block: Shield            |    43 |    70 |   100 |   226 ||   439

Table legend:
 A = Non-vault XP
 B = Vault XP
 C = Vault XP percentage of total XP
 D = Non-vault monster count
 E = Vault monster count
 F = Vault count percentage of total count
                 A         B        C        D         E       F
            +---------+---------+-------+---------+---------+-------
      Total |   15941 |    6415 |  28.7 |     216 |      68 |  23.9
            +---------+---------+-------+---------+---------+-------
        D:1 |      23 |       1 |   4.2 |      11 |       1 |   8.3
        D:2 |      42 |      71 |  62.8 |      19 |      14 |  42.4
        D:3 |      71 |       0 |   0.0 |      17 |       0 |   0.0
        D:4 |     347 |       0 |   0.0 |      17 |       0 |   0.0
        D:5 |     557 |     135 |  19.5 |      11 |       4 |  26.7
        D:6 |     398 |     267 |  40.2 |      23 |       2 |   8.0
        D:7 |     107 |       0 |   0.0 |       6 |       0 |   0.0
        D:8 |    2364 |     720 |  23.3 |      27 |      12 |  30.8
        D:9 |    1436 |     901 |  38.6 |      23 |      11 |  32.4
       D:10 |    2833 |    1701 |  37.5 |      22 |      14 |  38.9
     Lair:1 |    2048 |     918 |  31.0 |      14 |       2 |  12.5
     Lair:2 |    4932 |     550 |  10.0 |      21 |       3 |  12.5
     Lair:3 |     783 |    1151 |  59.5 |       5 |       5 |  50.0
            +---------+---------+-------+---------+---------+-------
